 Dungeon Crawl Stone Soup version 0.30.0 (webtiles) character file.

Game seed: 7443880556555190216

506 brinewave the Chopper (level 6, -13/56 HPs)
             Began as a Minotaur Berserker on May 19, 2023.
             Was a Priest of Trog.
             Mangled by an ogre
             ... wielding a +0 giant club
              (14 damage)
             ... on level 5 of the Dungeon.
             The game lasted 00:10:26 (3416 turns).

brinewave the Chopper (Minotaur Berserker)          Turns: 3416, Time: 00:10:29

Health: -13/56     AC:  7    Str: 23    XL:     6   Next: 97%
Magic:  5/5        EV: 12    Int:  4    God:    Trog [***...]
Gold:   180        SH:  0    Dex: 10    Spells: 5/5 levels left

rFire   . . .        n - +5 flail of Responsibility {heavy, rElec}
rCold   . . .        (no shield)
rNeg    . . .        q - +0 ring mail
rPois   +            (helmet restricted)
rElec   +            (no cloak)
rCorr   .            (no gloves)
SInv    .            y - +0 pair of boots
Will    +....        B - amulet of the acrobat Stlth
                     v - ring of poison resistance
HPRegen 0.29/turn    w - ring of willpower
MPRegen 0.09/turn

%: acrobat
@: no status effects
A: horns 2, retaliatory headbutt
a: Renounce Religion, Berserk, Trog's Hand


You were on level 5 of the Dungeon.
You worshipped Trog.
Trog was most pleased with you.
You visited 1 branch of the dungeon, and saw 5 of its levels.

You collected 180 gold pieces.

Inventory:

Hand Weapons
 a - a +1 spectral hand axe
 n - the +5 flail of Responsibility (weapon) {heavy, rElec}
   (You found it on level 2 of the Dungeon)

   rElec:     It insulates you from electricity.
Missiles
 c - 38 stones
 g - 9 boomerangs (quivered)
 z - 4 poisoned darts
Armour
 q - a +0 ring mail (worn)
 y - a +0 pair of boots (worn)
Jewellery
 v - a ring of poison resistance (left hand)
 w - a ring of willpower (right hand)
 B - an amulet of the acrobat (around neck)
Scrolls
 b - 3 scrolls of fog
 f - a scroll of fear {unknown}
 h - a scroll of vulnerability {unknown}
 j - a scroll of butterflies {unknown}
 k - a scroll of enchant weapon
 m - a scroll of magic mapping {unknown}
 o - a scroll of immolation {unknown}
 p - a scroll of identify {unknown}
 s - a scroll of poison
 t - a scroll of teleportation
 A - 2 scrolls of brand weapon
 C - a scroll of blinking {unknown}
Potions
 d - 2 potions of mutation {unknown}
 e - a potion of degeneration {unknown}
 i - a potion of cancellation {unknown}
 l - a potion of haste {unknown}
 r - a potion of might {unknown}
 u - a potion of magic {unknown}
 x - a potion of flight {unknown}
 D - a potion of brilliance {unknown}


   Skills:
 + Level 5.3 Fighting
 * Level 6.7 Axes
 + Level 4.4 Armour
 + Level 4.1 Dodging


You had 5 spell levels left.
You didn't know any spells.
Your spell library was empty.

Dungeon Overview and Level Annotations

Branches:
Dungeon (5/15)
 Temple: D:4-7

Altars:
Hepliaklqana
Qazlal
Ru

Shops:
D:3 [


Innate Abilities, Weirdness & Mutations

You have a pair of horns on your head.
You reflexively headbutt those who attack you in melee.


Message History

You sock the jackal!
You kill the jackal!
Trog accepts your kill.
You bludgeon Prince Ribbit!!
Prince Ribbit is severely wounded.
Prince Ribbit hits you!
Prince Ribbit hits you but does no damage.
You bludgeon Prince Ribbit!!
You kill Prince Ribbit!
Trog accepts your kill.
Prince Ribbit returns to his original shape as he dies.
The jackal bites you but does no damage.
The jackal barely misses you.
Your Fighting skill increases to level 5!
Your Dodging skill increases to level 4!
You hit the jackal.
You kill the jackal!
Trog accepts your kill.
Things that are here:
the human corpse of Prince Ribbit; a jackal corpse HP restored.
An ogre and an ufetubus come into view.
The ogre shouts!
You see here 15 gold pieces.
You now have 180 gold pieces (gained 15).
The ufetubus barely misses you. You furiously retaliate!
You headbutt the ufetubus!
You kill the ufetubus!
Trog accepts your kill.
Found an escape hatch in the floor.
You sock the ogre!
The ogre is moderately wounded.
The ogre hits you with a +0 giant club!!
You hit the ogre. Your headbutt misses the ogre.
The ogre is moderately wounded.
The ogre hits you with a +0 giant club!!
Ouch! That really hurt!
* * * LOW HITPOINT WARNING * * *
The ogre hits you with a +0 giant club!
You die...

### #..######
..#####.#....#
<............##
..#####.......#
..............# ##
#########.....######..##
#>.......#......
###.............
#......@.......
#..|...O?......
#..............
#.............>
#..............
##.............
##.....#.....#
#############


You could see an ogre.

Vanquished Creatures
  Prince Ribbit (D:5)
  A howler monkey (D:4)
  A hound (D:4)
  Jessica (D:3)
  A sleepcap (D:4)
  Robin (D:4)
  4 adders
  An ufetubus (D:5)
  2 worms
  2 dart slugs
  12 orcs
  8 ball pythons
  7 bats
  8 endoplasms
  2 giant cockroaches
  13 goblins
  9 hobgoblins
  14 jackals
  2 quokkas (D:3)
  A frilled lizard (D:1)
  7 kobolds
  9 rats
  A spectral kobold (D:3)
108 creatures vanquished.

Notes
Turn   | Place    | Note
-------+----------+-------------------------------------------
     0 | D:1      | brinewave the Minotaur Berserker began the quest for the
                  | Orb.
     0 | D:1      | Reached XP level 1. HP: 19/19 MP: 0/0
   253 | D:1      | Reached XP level 2. HP: 27/27 MP: 1/1
   285 | D:1      | Reached skill level 4 in Axes
   507 | D:1      | Reached ** piety under Trog
   740 | D:1      | Reached XP level 3. HP: 33/33 MP: 2/2
  1274 | D:2      | Identified the +5 flail of Responsibility {heavy, rElec}
  1670 | D:3      | Found Peilata's Armour Emporium.
  1683 | D:3      | Reached XP level 4. HP: 34/40 MP: 3/3
  1837 | D:3      | Found a faded altar of an unknown god.
  1893 | D:3      | Reached *** piety under Trog
  1904 | D:3      | Found a stormy altar of Qazlal.
  1911 | D:3      | Reached skill level 5 in Axes
  2023 | D:3      | Found a hazy altar of Hepliaklqana.
  2084 | D:3      | Noticed Jessica
  2092 | D:3      | Killed Jessica
  2093 | D:3      | Reached XP level 5. HP: 19/47 MP: 4/4
  2888 | D:4      | Found a sacrificial altar of Ru.
  2891 | D:4      | Noticed Robin
  2924 | D:4      | Killed Robin
  2944 | D:4      | Reached XP level 6. HP: 55/55 MP: 5/5
  2972 | D:4      | Reached skill level 6 in Axes
  3329 | D:5      | Entered Level 5 of the Dungeon
  3342 | D:5      | Noticed Prince Ribbit
  3348 | D:5      | Killed Prince Ribbit
  3349 | D:5      | Reached skill level 5 in Fighting
  3416 | D:5      | HP: 1/56 [ogre/+0 giant club (29)]
  3416 | D:5      | Mangled by an ogre

Illustrated notes

Levels and vault maps discovered:
D:1:      minmay_arrival_wavy_path, layout_basic, kennysheep_nondescript,
          nrook_mini_backslash, minmay_tetromino_l4
D:2:      layout_rooms
D:3:      cheibrodos_helix_gallery, layout_rooms,
          nicolae_overflow_crystal_walls,
          nicolae_hepliaklqana_monster_ancestors, serial_shops,
          nicolae_shop_advertising_works [nicolae_subvault_shop_adworks],
          hellmonk_ecumenical_altar_dog_temple, uniq_jessica
D:4:      layout_gridville, mainiacjoe_overflow_chevrons, uniq_robin
D:5:      kennysheep_windowed_halls, layout_rooms, uniq_prince_ribbit1

Skill      XL: |  1  2  3  4  5  6 |
---------------+-------------------+-----
Axes           | 4 5 6 |  6.7
Fighting       | 4 5 |  5.3
Armour         | 3 4 |  4.4
Dodging        | 3 4 |  4.1

Action                     |  1- 3 |  4- 6 || total
---------------------------+-------+-------++-------
  Melee: Hand axe          |    86 |       ||    86
         Headbutt          |    12 |     8 ||    20
         Flail             |    20 |    85 ||   105
    Use: Scroll            |     1 |     4 ||     5
 Armour: Animal skin       |     2 |       ||     2
         Leather armour    |    27 |       ||    27
         Ring mail         |     5 |    44 ||    49
  Dodge: Dodged            |    72 |    61 ||   133
